Philadelphia Flyers vs New York Rangers
Created - Sunday, May 14, 2023 at 07:07
Goals
|
| Philadelphia Flyers |
3 |
1 |
3 |
0 |
0 |
7 |
| New York Rangers |
0 |
2 |
5 |
0 |
1 |
8 |
|
Shots
|
| Philadelphia Flyers |
12 |
6 |
14 |
0 |
3 |
32 |
| New York Rangers |
10 |
10 |
18 |
2 |
2 |
40 |
|
1st period
1. Philadelphia Flyers , Marcus Johansson 12 (Evgenii Dadonov 12, Ben Chiarot 10) at 2:55
2. Philadelphia Flyers , Carter Verhaeghe 11 (Calvin de Haan 10) at 3:49
3. Philadelphia Flyers , Evan Rodrigues 11 (Carter Verhaeghe 13, Elias Lindholm 39) at 11:42
Penalties :
David Kampf (NYR) for Holding (Minor) at 15:56
2nd period
4. New York Rangers , Pierre-Luc Dubois 23 (Patrice Bergeron 50, Nathan MacKinnon 45) at 13:58 (PP)
5. Philadelphia Flyers , Marcus Johansson 13 (Matt Roy 8, Oliver Ekman-Larsson 8) at 15:57
6. New York Rangers , Andre Burakovsky 15 (Blake Wheeler 22, Mikael Granlund 27) at 19:16
Penalties :
Alexander Edler (PHI) for Charging (Double Minor) at 5:29, Tyler Bertuzzi (PHI) for Roughing (Minor) at 13:20
3rd period
7. Philadelphia Flyers , Evan Rodrigues 12 (Carter Verhaeghe 14, Matt Boldy 6) at 0:12
8. New York Rangers , Nathan MacKinnon 39 (Jake McCabe 12) at 5:02
9. Philadelphia Flyers , Matt Boldy 9 (Evan Rodrigues 12, Blake Lizotte 1) at 6:55 (PP)
10. New York Rangers , David Kampf 6 (Tyler Motte 4) at 9:23 (SH)
11. New York Rangers , Mikael Granlund 12 (Andre Burakovsky 16) at 14:44
12. New York Rangers , Nathan MacKinnon 40 (Patrice Bergeron 51) at 14:58 (PP)
13. New York Rangers , Nathan MacKinnon 41 (Patrice Bergeron 52) at 15:47
14. Philadelphia Flyers , Marcus Johansson 14 (Evgenii Dadonov 13) at 17:19
Penalties :
Blake Wheeler (NYR) for Diving (Minor) at 1:11, Blake Wheeler (NYR) for Cross-checking (Minor) at 6:07, Blake Wheeler (NYR) for Tripping (Minor) at 9:14, Ben Chiarot (PHI) for High sticking (Minor) at 14:49
Overtime #1
No Goal
Penalties :
Tyler Bertuzzi (PHI) for Holding (Minor) at 0:03
Shootout
Philadelphia Flyers, Elias Lindholm - Stopped by Tristan Jarry
New York Rangers, T.J. Oshie - Goal!
Philadelphia Flyers, Tyler Bertuzzi - Stopped by Tristan Jarry
New York Rangers, Mikael Granlund - Stopped by Mackenzie Blackwood
Philadelphia Flyers, Matt Boldy - Stopped by Tristan Jarry
Penalties :
No Penalty
Goalie Stats
Mackenzie Blackwood (PHI), 33 saves from 40 shots - (0.825), OTL, 10-4-3, 65:00 minutes
Igor Shesterkin (NYR), 12 saves from 16 shots - (0.750), 35:57 minutes
Tristan Jarry (NYR), 13 saves from 16 shots - (0.813), W, 13-5-1, 29:03 minutes
Players Stats for Philadelphia Flyers
Player Name G A P +/- PIM S H SB GA TA FO MP PP MP PK MP
------------------------------------------------------------------------------------
Alexander Barabanov 0 0 0 -1 0 1 1 1 0 0 0/2 15:27 0:00 1:16
Alexander Edler 0 0 0 -1 4 0 1 1 0 1 0/0 16:47 2:18 0:09
Ben Chiarot 0 1 1 2 2 1 4 1 0 0 0/0 22:03 0:00 3:23
Blake Lizotte 0 1 1 0 0 2 0 0 0 2 8/15 14:54 2:56 2:02
Calvin de Haan 0 1 1 0 0 0 2 2 0 1 0/0 13:43 0:00 0:00
Carter Verhaeghe 1 2 3 1 0 6 1 0 2 0 1/3 18:50 3:41 0:00
Elias Lindholm 0 1 1 -2 0 2 3 0 1 0 14/19 21:53 3:49 2:49
Evan Rodrigues 2 1 3 2 0 4 2 2 0 0 10/29 18:09 2:56 0:00
Evgenii Dadonov 0 2 2 1 0 2 0 0 0 0 0/0 10:57 0:08 0:00
Justin Faulk 0 0 0 2 0 0 3 2 0 0 0/0 27:05 4:27 3:32
Marcus Johansson 3 0 3 1 0 5 1 0 0 0 1/1 12:03 0:00 0:54
Matt Boldy 1 1 2 2 0 3 0 1 0 0 0/0 16:39 2:56 0:00
Matt Roy 0 1 1 -1 0 0 2 2 0 1 0/0 23:52 2:18 3:13
Oliver Ekman-Larsson 0 1 1 0 0 1 3 2 1 1 0/0 26:40 4:27 3:13
Riley Sheahan 0 0 0 1 0 0 0 0 0 1 4/9 13:51 0:00 3:02
Tomas Tatar 0 0 0 0 0 3 0 0 0 0 0/0 10:00 0:00 0:00
Tyler Bertuzzi 0 0 0 -2 4 2 3 2 4 1 1/1 20:18 3:49 1:28
Tyler Johnson 0 0 0 0 0 0 1 0 0 0 1/1 10:00 0:00 0:00
Players Stats for New York Rangers
Player Name G A P +/- PIM S H SB GA TA FO MP PP MP PK MP
------------------------------------------------------------------------------------
Adam Larsson 0 0 0 1 0 1 2 1 1 1 0/0 21:42 0:00 4:07
Andre Burakovsky 1 1 2 1 0 1 1 1 1 1 1/2 15:17 1:54 0:00
Blake Wheeler 0 1 1 1 6 4 1 0 0 1 0/3 15:32 1:38 0:00
Cam Fowler 0 0 0 0 0 4 1 3 0 2 0/0 32:10 2:52 4:07
Cole Caufield 0 0 0 -1 0 1 0 0 0 1 0/0 12:58 1:38 0:00
Conor Garland 0 0 0 -1 0 5 1 0 0 0 0/1 12:36 0:00 0:00
David Kampf 1 0 1 0 2 3 0 0 0 1 6/18 14:34 0:00 2:54
Dmitry Kulikov 0 0 0 1 0 2 0 2 0 0 0/0 17:18 0:40 0:00
Eric Robinson 0 0 0 -2 0 1 0 1 0 0 0/0 9:05 0:27 1:44
Jake McCabe 0 1 1 1 0 1 1 0 0 0 0/0 27:52 0:00 2:38
Mark Giordano 0 0 0 -3 0 0 2 1 1 1 0/0 14:12 1:54 0:00
Matt Benning 0 0 0 -2 0 2 2 0 0 0 0/0 12:04 0:00 2:38
Mikael Granlund 1 1 2 1 0 3 1 0 0 0 12/16 17:56 2:39 1:37
Nathan MacKinnon 3 1 4 0 0 7 0 0 3 0 4/5 22:20 2:41 0:00
Patrice Bergeron 0 3 3 0 0 2 1 0 0 0 14/29 24:21 2:41 1:55
Pierre-Luc Dubois 1 0 1 0 0 2 5 1 1 0 2/4 23:38 2:41 1:29
T.J. Oshie 0 0 0 -2 0 0 2 0 1 0 1/2 8:10 1:38 0:00
Tyler Motte 0 1 1 -1 0 1 0 0 0 0 0/0 11:26 0:27 3:51
3 Stars
1 - Nathan MacKinnon (NYR)
2 - Marcus Johansson (PHI)
3 - Evan Rodrigues (PHI)
Power Play
Philadelphia Flyers - 1 on 4 Attempt(s) - 25.00%
New York Rangers - 2 on 5 Attempt(s) - 40.00%
Penalty Kill
Philadelphia Flyers - 3 on 5 Attempt(s) - 60.00%
- Score 0 goal in Penalty Kill
New York Rangers - 3 on 4 Attempt(s) - 75.00%
- Score 1 goal in Penalty Kill
Team Stat
Philadelphia Flyers - Hits : 27 - Faceoff Wins : 40 - Blocked Shots : 16 - Penalty Minutes : 10
New York Rangers - Hits : 20 - Faceoff Wins : 40 - Blocked Shots : 10 - Penalty Minutes : 8
Official
Referees : Tim Peel and Francis Charron
Linesman : Andy McElman and Darren Gibbs
Game Notes
Tristan Jarry enters game at 15:57 of 2nd period
Nathan MacKinnon has scored a Hat Trick!
Marcus Johansson has scored a Hat Trick!
18:25 of 3rd period - New York Rangers goal is going for a video replay. After video review, No Goal. The goalkeeper has been pushed into the net together with the puck after making a save.
Finance
Level 1 -- Attendance: 4430 (73.83%) -- Ticket Income $451,860
Level 2 -- Attendance: 4126 (82.52%) -- Ticket Income $259,938
Level 3 -- Attendance: 2023 (67.43%) -- Ticket Income $82,943
Level 4 -- Attendance: 3616 (72.32%) -- Ticket Income $101,248
Luxury Box -- Attendance: 1000 (100.00%) -- Ticket Income $195,000
Game was played at the Madison Square Garden.
Total Attendance: 15195 (75.98%)
Total Ticket Income: $1,090,989
Other Income: $381,846
Total Income: $1,472,835
Philadelphia Flyers
5 vs 5 Forward
Center Left Wing Right Wing Time % Phy DF OF
1 Elias Lindholm Tyler Bertuzzi Alexander Barabanov 30 0 3 2
2 Evan Rodrigues Carter Verhaeghe Matt Boldy 30 0 3 2
3 Riley Sheahan Marcus Johansson Evgenii Dadonov 20 0 3 2
4 Blake Lizotte Tyler Johnson Tomas Tatar 20 0 3 2
5 vs 5 Defense
Defense Defense Time % Phy DF OF
1 Justin Faulk Ben Chiarot 35 0 3 2
2 Oliver Ekman-Larsson Matt Roy 35 0 3 2
3 Alexander Edler Calvin de Haan 30 0 3 2
4 Justin Faulk Ben Chiarot 0 0 3 2
PowerPlay Forward
Center Left Wing Right Wing Time % Phy DF OF
1 Elias Lindholm Tyler Bertuzzi Carter Verhaeghe 55 0 1 4
2 Blake Lizotte Evan Rodrigues Matt Boldy 45 0 1 4
PowerPlay Defense
Defense Defense Time % Phy DF OF
1 Justin Faulk Oliver Ekman-Larsson 55 0 1 4
2 Alexander Edler Matt Roy 45 0 1 4
Penalty Kill 4 Players Forward
Center Wing Time % Phy DF OF
1 Riley Sheahan Blake Lizotte 55 0 4 1
2 Elias Lindholm Tyler Bertuzzi 45 0 4 1
Penalty Kill 4 Players Defense
Defense Defense Time % Phy DF OF
1 Justin Faulk Ben Chiarot 50 0 4 1
2 Oliver Ekman-Larsson Matt Roy 50 0 4 1
Penalty Kill - 3 Players Forward
Forward Time % Phy DF OF
1 Riley Sheahan 50 0 5 0
2 Elias Lindholm 50 0 5 0
Penalty Kill - 3 Players Defense
Defense Defense Time % Phy DF OF
1 Justin Faulk Ben Chiarot 50 0 5 0
2 Oliver Ekman-Larsson Matt Roy 50 0 5 0
4 vs 4 Forward
Center Wing Time % Phy DF OF
1 Elias Lindholm Tyler Bertuzzi 50 0 3 2
2 Evan Rodrigues Carter Verhaeghe 50 0 3 2
4 vs 4 Defense
Defense Defense Time % Phy DF OF
1 Justin Faulk Ben Chiarot 50 0 3 2
2 Oliver Ekman-Larsson Matt Roy 50 0 3 2
Last Minutes Offensive
Center Left Wing Right Wing Defense Defense
Elias Lindholm Tyler Bertuzzi Carter Verhaeghe Justin Faulk Oliver Ekman-Larsson
Last Minutes Defensive
Center Left Wing Right Wing Defense Defense
Elias Lindholm Riley Sheahan Tyler Bertuzzi Ben Chiarot Matt Roy
Goaltenders
Starting : Mackenzie Blackwood
Backup : Robin Lehner
Extra Forwards
Normal : Matt Boldy, Elias Lindholm, Carter Verhaeghe - PP : Matt Boldy, Elias Lindholm - PK : Elias Lindholm
Extra Defensemen
Normal : Justin Faulk, Oliver Ekman-Larsson, Alexander Edler - PP : Justin Faulk - PK : Ben Chiarot, Alexander Edler
Penalty Shots
Elias Lindholm, Tyler Bertuzzi, Matt Boldy, Carter Verhaeghe, Evan Rodrigues
New York Rangers
5 vs 5 Forward
Center Left Wing Right Wing Time % Phy DF OF
1 Patrice Bergeron Pierre-Luc Dubois Nathan MacKinnon 40 0 1 4
2 Mikael Granlund Andre Burakovsky Blake Wheeler 30 1 1 3
3 David Kampf Conor Garland Cole Caufield 20 1 2 2
4 T.J. Oshie Eric Robinson Tyler Motte 10 1 3 1
5 vs 5 Defense
Defense Defense Time % Phy DF OF
1 Cam Fowler Jake McCabe 44 1 2 2
2 Dmitry Kulikov Adam Larsson 33 1 3 1
3 Mark Giordano Matt Benning 23 1 3 1
4 Cam Fowler Adam Larsson 0 1 2 2
PowerPlay Forward
Center Left Wing Right Wing Time % Phy DF OF
1 Patrice Bergeron Nathan MacKinnon Pierre-Luc Dubois 60 0 1 4
2 Blake Wheeler T.J. Oshie Cole Caufield 40 0 1 4
PowerPlay Defense
Defense Defense Time % Phy DF OF
1 Cam Fowler Mikael Granlund 60 0 2 3
2 Andre Burakovsky Mark Giordano 40 0 2 3
Penalty Kill 4 Players Forward
Center Wing Time % Phy DF OF
1 David Kampf Tyler Motte 60 1 3 1
2 Patrice Bergeron Eric Robinson 40 1 3 1
Penalty Kill 4 Players Defense
Defense Defense Time % Phy DF OF
1 Adam Larsson Cam Fowler 60 1 3 1
2 Matt Benning Jake McCabe 40 1 3 1
Penalty Kill - 3 Players Forward
Forward Time % Phy DF OF
1 David Kampf 60 1 4 0
2 Patrice Bergeron 40 1 4 0
Penalty Kill - 3 Players Defense
Defense Defense Time % Phy DF OF
1 Cam Fowler Jake McCabe 60 1 4 0
2 Matt Benning Adam Larsson 40 1 4 0
4 vs 4 Forward
Center Wing Time % Phy DF OF
1 Nathan MacKinnon Patrice Bergeron 60 1 2 2
2 Pierre-Luc Dubois Blake Wheeler 40 1 2 2
4 vs 4 Defense
Defense Defense Time % Phy DF OF
1 Cam Fowler Jake McCabe 60 1 2 2
2 Mark Giordano Adam Larsson 40 1 2 2
Last Minutes Offensive
Center Left Wing Right Wing Defense Defense
Patrice Bergeron Blake Wheeler Nathan MacKinnon Cam Fowler Mark Giordano
Last Minutes Defensive
Center Left Wing Right Wing Defense Defense
Patrice Bergeron David Kampf Mikael Granlund Cam Fowler Jake McCabe
Goaltenders
Starting : Igor Shesterkin
Backup : Tristan Jarry
Extra Forwards
Normal : Mikael Granlund, Andre Burakovsky, Conor Garland - PP : Mikael Granlund, Nathan MacKinnon - PK : Mikael Granlund
Extra Defensemen
Normal : Dmitry Kulikov, Matt Benning, Mark Giordano - PP : Dmitry Kulikov - PK : Matt Benning, Mark Giordano
Penalty Shots
T.J. Oshie, Mikael Granlund, Mark Giordano, Nathan MacKinnon, Blake Wheeler
% Time on Ice - Philadelphia Flyers
Lines # - Real PCT - Wanted PCT - Time Play
Normal Forward
1 - 30% - 30% - 14:21
2 - 28% - 30% - 13:30
3 - 22% - 20% - 10:38
4 - 21% - 20% - 10:00
Normal Defense
1 - 35% - 35% - 16:56
2 - 35% - 35% - 16:59
3 - 28% - 30% - 13:43
4 - 2% - 0% - 0:51
PP Forward
1 - 57% - 55% - 3:49
2 - 43% - 45% - 2:56
PP Defense
1 - 66% - 55% - 4:27
2 - 34% - 45% - 2:18
PK Forward
1 - 62% - 55% - 2:56
2 - 38% - 45% - 1:50
PK Defense
1 - 50% - 50% - 2:23
2 - 50% - 50% - 2:23
PK3 Forward
1 - 50% - 50% - 1:00
2 - 50% - 50% - 0:59
PK3 Defense
1 - 58% - 50% - 1:09
2 - 42% - 50% - 0:50
44 Forward
1 - 43% - 50% - 1:18
2 - 57% - 50% - 1:43
44 Defense
1 - 55% - 50% - 1:39
2 - 45% - 50% - 1:22
Last Minute Offensive - 0:00
Last Minute Defensive - 0:00
Total
Forward - 65:00
Defense - 65:00
|
% Time on Ice - New York Rangers
Lines # - Real PCT - Wanted PCT - Time Play
Normal Forward
1 - 37% - 40% - 17:58
2 - 25% - 30% - 12:01
3 - 24% - 20% - 11:40
4 - 14% - 10% - 6:50
Normal Defense
1 - 46% - 44% - 22:28
2 - 33% - 33% - 15:46
3 - 21% - 23% - 10:04
4 - 0% - 0% - 0:11
PP Forward
1 - 66% - 60% - 3:08
2 - 34% - 40% - 1:38
PP Defense
1 - 60% - 60% - 2:52
2 - 40% - 40% - 1:54
PK Forward
1 - 79% - 60% - 5:21
2 - 21% - 40% - 1:24
PK Defense
1 - 61% - 60% - 4:07
2 - 39% - 40% - 2:38
PK3 Forward
1 - 0% - 60%
2 - 0% - 40%
PK3 Defense
1 - 0% - 60%
2 - 0% - 40%
44 Forward
1 - 71% - 60% - 3:33
2 - 29% - 40% - 1:27
44 Defense
1 - 58% - 60% - 2:53
2 - 42% - 40% - 2:07
Last Minute Offensive - 0:00
Last Minute Defensive - 0:00
Total
Forward - 65:00
Defense - 65:00
|
Play-by-Play
1st period
0:01 of 1st period - Elias Lindholm wins face-off versus Patrice Bergeron in neutral zone.
0:27 of 1st period - Snap shot by Blake Wheeler.
0:27 of 1st period - Deflect By Ben Chiarot.
0:27 of 1st period - Shot Blocked by Justin Faulk.
0:27 of 1st period - Puck is out of play.
0:28 of 1st period - Evan Rodrigues wins face-off versus Mikael Granlund in Philadelphia Flyers zone.
0:53 of 1st period - Snap shot by Andre Burakovsky.
0:53 of 1st period - Shot Misses the Net.
0:55 of 1st period - Snap shot by David Kampf.
0:55 of 1st period - Shot Misses the Net.
0:57 of 1st period - Slapshot by David Kampf.
0:57 of 1st period - Stopped by Mackenzie Blackwood with a rebound.
0:59 of 1st period - Snap shot by Dmitry Kulikov.
0:59 of 1st period - Stopped by Mackenzie Blackwood with a rebound.
1:01 of 1st period - Snap shot by David Kampf.
1:01 of 1st period - Stopped by Mackenzie Blackwood with a rebound.
1:03 of 1st period - Snap shot by Adam Larsson.
1:03 of 1st period - Stopped by Mackenzie Blackwood with a rebound.
1:05 of 1st period - Snap shot by Adam Larsson.
1:05 of 1st period - Shot Blocked by Oliver Ekman-Larsson.
1:22 of 1st period - Off-side.
1:23 of 1st period - Pierre-Luc Dubois wins face-off versus Blake Lizotte in neutral zone.
2:55 of 1st period - Wrist shot by Marcus Johansson.
2:55 of 1st period - Goal by Marcus Johansson - Philadelphia Flyers : 1 - New York Rangers : 0.
2:56 of 1st period - Elias Lindholm wins face-off versus Patrice Bergeron in neutral zone.
3:49 of 1st period - Wrist shot by Carter Verhaeghe.
3:49 of 1st period - Goal by Carter Verhaeghe - Philadelphia Flyers : 2 - New York Rangers : 0.
3:50 of 1st period - Riley Sheahan wins face-off versus Pierre-Luc Dubois in neutral zone.
4:15 of 1st period - Elias Lindholm is hit by Matt Benning and loses puck.
4:44 of 1st period - Snap shot by Carter Verhaeghe.
4:44 of 1st period - Shot Misses the Net.
4:46 of 1st period - Snap shot by Evan Rodrigues.
4:46 of 1st period - Stopped by Igor Shesterkin without a rebound.
4:47 of 1st period - Tyler Johnson wins face-off versus Patrice Bergeron in New York Rangers zone.
5:13 of 1st period - Blake Wheeler is hit by Marcus Johansson.
5:17 of 1st period - Ben Chiarot is hit by Blake Wheeler and loses puck.
5:36 of 1st period - Snap shot by Elias Lindholm.
5:36 of 1st period - Shot Blocked by Cam Fowler.
5:38 of 1st period - Snap shot by Elias Lindholm.
5:38 of 1st period - Deflect By Alexander Barabanov.
5:38 of 1st period - Stopped by Igor Shesterkin with a rebound.
5:40 of 1st period - Slapshot by Ben Chiarot.
5:40 of 1st period - Deflect By Cam Fowler.
5:40 of 1st period - Stopped by Igor Shesterkin without a rebound.
5:41 of 1st period - Patrice Bergeron wins face-off versus Elias Lindholm in New York Rangers zone.
5:41 of 1st period - Patrice Bergeron is hit by Tyler Bertuzzi.
6:28 of 1st period - Snap shot by Patrice Bergeron.
6:28 of 1st period - Shot Blocked by Tyler Bertuzzi.
6:52 of 1st period - Snap shot by Patrice Bergeron.
6:52 of 1st period - Shot Misses the Net.
6:54 of 1st period - Wrist shot by Dmitry Kulikov.
6:54 of 1st period - Stopped by Mackenzie Blackwood with a rebound.
6:56 of 1st period - Snap shot by Nathan MacKinnon.
6:56 of 1st period - Shot Blocked by Alexander Barabanov.
7:00 of 1st period - Snap shot by Nathan MacKinnon.
7:00 of 1st period - Stopped by Mackenzie Blackwood without a rebound.
7:01 of 1st period - Mikael Granlund wins face-off versus Evan Rodrigues in Philadelphia Flyers zone.
7:28 of 1st period - David Kampf is hit by Calvin de Haan and loses puck.
7:37 of 1st period - Snap shot by Blake Lizotte.
7:37 of 1st period - Stopped by Igor Shesterkin with a rebound.
8:15 of 1st period - Snap shot by Carter Verhaeghe.
8:15 of 1st period - Stopped by Igor Shesterkin without a rebound.
8:16 of 1st period - Evan Rodrigues wins face-off versus David Kampf in New York Rangers zone.
8:27 of 1st period - Slapshot by Matt Boldy.
8:27 of 1st period - Shot Misses the Net.
8:46 of 1st period - Wrist shot by Blake Lizotte.
8:46 of 1st period - Stopped by Igor Shesterkin without a rebound.
8:47 of 1st period - Riley Sheahan wins face-off versus Patrice Bergeron in New York Rangers zone.
8:48 of 1st period - Snap shot by Evgenii Dadonov.
8:48 of 1st period - Stopped by Igor Shesterkin without a rebound.
8:49 of 1st period - Marcus Johansson wins face-off versus Patrice Bergeron in New York Rangers zone.
9:07 of 1st period - Off-side.
9:08 of 1st period - Mikael Granlund wins face-off versus Evan Rodrigues in neutral zone.
9:11 of 1st period - Backhand shot by Andre Burakovsky.
9:11 of 1st period - Shot Misses the Net.
9:13 of 1st period - Snap shot by Dmitry Kulikov.
9:13 of 1st period - Shot Misses the Net.
9:17 of 1st period - Snap shot by Blake Wheeler.
9:17 of 1st period - Shot Blocked by Calvin de Haan.
9:21 of 1st period - Snap shot by Mikael Granlund.
9:21 of 1st period - Stopped by Mackenzie Blackwood without a rebound.
9:22 of 1st period - Patrice Bergeron wins face-off versus Blake Lizotte in Philadelphia Flyers zone.
9:37 of 1st period - Snap shot by Patrice Bergeron.
9:37 of 1st period - Shot Blocked by Alexander Edler.
9:39 of 1st period - Snap shot by Cam Fowler.
9:39 of 1st period - Shot Hit the Post.
9:53 of 1st period - Wrist shot by Cole Caufield.
9:53 of 1st period - Shot Misses the Net.
10:03 of 1st period - Snap shot by Blake Lizotte.
10:03 of 1st period - Deflect By Tomas Tatar.
10:03 of 1st period - Shot Blocked by Adam Larsson.
10:03 of 1st period - Puck is out of play.
10:04 of 1st period - Mikael Granlund wins face-off versus Evan Rodrigues in New York Rangers zone.
10:35 of 1st period - Wrist shot by Tyler Bertuzzi.
10:35 of 1st period - Shot Misses the Net.
11:16 of 1st period - Wrist shot by Tomas Tatar.
11:16 of 1st period - Shot Misses the Net.
11:42 of 1st period - Snap shot by Evan Rodrigues.
11:42 of 1st period - Goal by Evan Rodrigues - Philadelphia Flyers : 3 - New York Rangers : 0.
11:43 of 1st period - Patrice Bergeron wins face-off versus Evan Rodrigues in neutral zone.
11:46 of 1st period - Wrist shot by Nathan MacKinnon.
11:46 of 1st period - Shot Misses the Net.
11:49 of 1st period - Icing by Matt Roy.
11:50 of 1st period - Pierre-Luc Dubois wins face-off versus Evan Rodrigues in Philadelphia Flyers zone.
12:05 of 1st period - Snap shot by Nathan MacKinnon.
12:05 of 1st period - Stopped by Mackenzie Blackwood without a rebound.
12:06 of 1st period - Elias Lindholm wins face-off versus Mikael Granlund in Philadelphia Flyers zone.
12:38 of 1st period - Calvin de Haan is hit by Pierre-Luc Dubois and loses puck.
12:43 of 1st period - Slapshot by Nathan MacKinnon.
12:43 of 1st period - Stopped by Mackenzie Blackwood with a rebound.
12:45 of 1st period - Slapshot by Adam Larsson.
12:45 of 1st period - Deflect By Nathan MacKinnon.
12:45 of 1st period - Shot Blocked by Calvin de Haan.
12:45 of 1st period - Puck is out of play.
12:46 of 1st period - Carter Verhaeghe wins face-off versus David Kampf in Philadelphia Flyers zone.
12:51 of 1st period - Snap shot by Matt Boldy.
12:51 of 1st period - Stopped by Igor Shesterkin with a rebound.
13:17 of 1st period - Calvin de Haan is hit by Jake McCabe and loses puck.
13:38 of 1st period - Wrist shot by Blake Wheeler.
13:38 of 1st period - Stopped by Mackenzie Blackwood with a rebound.
13:52 of 1st period - Snap shot by Andre Burakovsky.
13:52 of 1st period - Shot Misses the Net.
14:22 of 1st period - Tyler Johnson is hit by Conor Garland.
14:32 of 1st period - Wrist shot by Tomas Tatar.
14:32 of 1st period - Stopped by Igor Shesterkin with a rebound.
14:48 of 1st period - Blake Wheeler is hit by Ben Chiarot.
15:56 of 1st period - Minor Penalty to David Kampf for Holding.
15:57 of 1st period - Elias Lindholm wins face-off versus Mikael Granlund in New York Rangers zone.
16:47 of 1st period - Pierre-Luc Dubois is hit by Justin Faulk and loses puck.
17:48 of 1st period - Jake McCabe is hit by Justin Faulk and loses puck.
17:56 of 1st period - Penalty to David Kampf is over, David Kampf is back on ice.
18:46 of 1st period - Icing by Calvin de Haan.
18:47 of 1st period - Mikael Granlund wins face-off versus Riley Sheahan in Philadelphia Flyers zone.
19:00 of 1st period - Conor Garland is hit by Evan Rodrigues and loses puck.
19:25 of 1st period - Jake McCabe is hit by Alexander Barabanov and loses puck.
19:38 of 1st period - Blake Lizotte is hit by T.J. Oshie and loses puck.
Goals for this period are 3 for Philadelphia Flyers vs 0 for New York Rangers.
Shots for this period are 12 for Philadelphia Flyers vs 10 for New York Rangers.
2nd period
0:01 of 2nd period - Tyler Bertuzzi wins face-off versus Patrice Bergeron in neutral zone.
0:10 of 2nd period - Icing by Cam Fowler.
0:11 of 2nd period - Patrice Bergeron wins face-off versus Elias Lindholm in New York Rangers zone.
1:39 of 2nd period - Snap shot by Pierre-Luc Dubois.
1:39 of 2nd period - Deflect By Nathan MacKinnon.
1:39 of 2nd period - Shot Blocked by Matt Roy.
1:39 of 2nd period - Puck is out of play.
1:40 of 2nd period - Evan Rodrigues wins face-off versus Andre Burakovsky in Philadelphia Flyers zone.
1:49 of 2nd period - Snap shot by Carter Verhaeghe.
1:49 of 2nd period - Shot Misses the Net.
1:51 of 2nd period - Slapshot by Justin Faulk.
1:51 of 2nd period - Shot Blocked by Dmitry Kulikov.
1:53 of 2nd period - Snap shot by Evan Rodrigues.
1:53 of 2nd period - Shot Misses the Net.
1:55 of 2nd period - Slapshot by Carter Verhaeghe.
1:55 of 2nd period - Shot Misses the Net.
2:30 of 2nd period - Slapshot by Tyler Motte.
2:30 of 2nd period - Shot Misses the Net.
2:36 of 2nd period - Slapshot by Tyler Motte.
2:36 of 2nd period - Deflect By Eric Robinson.
2:36 of 2nd period - Shot Misses the Net.
2:36 of 2nd period - Puck is out of play.
2:37 of 2nd period - Andre Burakovsky wins face-off versus Evan Rodrigues in Philadelphia Flyers zone.
2:44 of 2nd period - Snap shot by Blake Wheeler.
2:44 of 2nd period - Shot Blocked by Ben Chiarot.
2:46 of 2nd period - Snap shot by Blake Wheeler.
2:46 of 2nd period - Shot Misses the Net.
2:48 of 2nd period - Slapshot by Blake Wheeler.
2:48 of 2nd period - Stopped by Mackenzie Blackwood with a rebound.
2:50 of 2nd period - Slapshot by Matt Benning.
2:50 of 2nd period - Stopped by Mackenzie Blackwood with a rebound.
2:52 of 2nd period - Slapshot by Matt Benning.
2:52 of 2nd period - Stopped by Mackenzie Blackwood without a rebound.
2:53 of 2nd period - David Kampf wins face-off versus Riley Sheahan in Philadelphia Flyers zone.
2:56 of 2nd period - Snap shot by Conor Garland.
2:56 of 2nd period - Stopped by Mackenzie Blackwood with a rebound.
3:48 of 2nd period - Off-side.
3:49 of 2nd period - Mikael Granlund wins face-off versus Evan Rodrigues in neutral zone.
4:03 of 2nd period - Evan Rodrigues is hit by Adam Larsson and loses puck.
4:18 of 2nd period - Wrist shot by Cam Fowler.
4:18 of 2nd period - Stopped by Mackenzie Blackwood with a rebound.
4:20 of 2nd period - Snap shot by Eric Robinson.
4:20 of 2nd period - Shot Blocked by Evan Rodrigues.
4:26 of 2nd period - Wrist shot by T.J. Oshie.
4:26 of 2nd period - Shot Blocked by Matt Roy.
4:28 of 2nd period - Wrist shot by Eric Robinson.
4:28 of 2nd period - Stopped by Mackenzie Blackwood without a rebound.
4:29 of 2nd period - Patrice Bergeron wins face-off versus Elias Lindholm in Philadelphia Flyers zone.
4:30 of 2nd period - Snap shot by Nathan MacKinnon.
4:30 of 2nd period - Shot Blocked by Tyler Bertuzzi.
5:19 of 2nd period - Slapshot by Conor Garland.
5:19 of 2nd period - Stopped by Mackenzie Blackwood without a rebound.
5:20 of 2nd period - Blake Lizotte wins face-off versus David Kampf in Philadelphia Flyers zone.
5:29 of 2nd period - Double Minor Penalty to Alexander Edler for Charging.
5:30 of 2nd period - Patrice Bergeron wins face-off versus Riley Sheahan in Philadelphia Flyers zone.
6:05 of 2nd period - Wrist shot by Elias Lindholm.
6:05 of 2nd period - Shot Misses the Net.
6:23 of 2nd period - Patrice Bergeron is hit by Oliver Ekman-Larsson and loses puck.
6:48 of 2nd period - Ben Chiarot is hit by T.J. Oshie and loses puck.
7:26 of 2nd period - Icing by Mikael Granlund.
7:27 of 2nd period - Elias Lindholm wins face-off versus Blake Wheeler in New York Rangers zone.
8:08 of 2nd period - Riley Sheahan is hit by Pierre-Luc Dubois and loses puck.
9:29 of 2nd period - Penalty to Alexander Edler is over, Alexander Edler is back on ice.
9:43 of 2nd period - Snap shot by Blake Lizotte.
9:43 of 2nd period - Shot Blocked by Andre Burakovsky.
9:59 of 2nd period - Snap shot by Matt Boldy.
9:59 of 2nd period - Shot Misses the Net.
10:46 of 2nd period - Backhand shot by Elias Lindholm.
10:46 of 2nd period - Shot Misses the Net.
12:24 of 2nd period - Adam Larsson is hit by Ben Chiarot and loses puck.
12:51 of 2nd period - Jake McCabe is hit by Tyler Johnson and loses puck.
13:06 of 2nd period - Mikael Granlund is hit by Elias Lindholm and loses puck.
13:20 of 2nd period - Minor Penalty to Tyler Bertuzzi for Roughing.
13:21 of 2nd period - Riley Sheahan wins face-off versus Patrice Bergeron in Philadelphia Flyers zone.
13:43 of 2nd period - Mikael Granlund is hit by Elias Lindholm and loses puck.
13:54 of 2nd period - Backhand shot by Nathan MacKinnon.
13:54 of 2nd period - Shot Misses the Net.
13:56 of 2nd period - Wrist shot by Patrice Bergeron.
13:56 of 2nd period - Shot Misses the Net.
13:58 of 2nd period - Backhand shot by Pierre-Luc Dubois.
13:58 of 2nd period - Goal by Pierre-Luc Dubois - Philadelphia Flyers : 3 - New York Rangers : 1.
13:59 of 2nd period - Mikael Granlund wins face-off versus Evan Rodrigues in neutral zone.
14:10 of 2nd period - Slapshot by Mikael Granlund.
14:10 of 2nd period - Deflect By Andre Burakovsky.
14:10 of 2nd period - Shot Blocked by Evan Rodrigues.
14:10 of 2nd period - Puck is out of play.
14:11 of 2nd period - Evan Rodrigues wins face-off versus Patrice Bergeron in Philadelphia Flyers zone.
14:16 of 2nd period - Patrice Bergeron is hit by Oliver Ekman-Larsson and loses puck.
15:20 of 2nd period - Marcus Johansson is hit by Matt Benning and loses puck.
15:31 of 2nd period - Snap shot by Evgenii Dadonov.
15:31 of 2nd period - Stopped by Igor Shesterkin with a rebound.
15:33 of 2nd period - Snap shot by Marcus Johansson.
15:33 of 2nd period - Stopped by Igor Shesterkin with a rebound.
15:37 of 2nd period - Slapshot by Marcus Johansson.
15:37 of 2nd period - Shot Misses the Net.
15:39 of 2nd period - Snap shot by Riley Sheahan.
15:39 of 2nd period - Shot Misses the Net.
15:49 of 2nd period - Snap shot by Evgenii Dadonov.
15:49 of 2nd period - Shot Misses the Net.
15:51 of 2nd period - Slapshot by Matt Roy.
15:51 of 2nd period - Shot Blocked by Mark Giordano.
15:53 of 2nd period - Snap shot by Oliver Ekman-Larsson.
15:53 of 2nd period - Stopped by Igor Shesterkin with a rebound.
15:55 of 2nd period - Wrist shot by Matt Roy.
15:55 of 2nd period - Shot Blocked by Eric Robinson.
15:57 of 2nd period - Wrist shot by Marcus Johansson.
15:57 of 2nd period - Goal by Marcus Johansson - Philadelphia Flyers : 4 - New York Rangers : 1.
15:57 of 2nd period - Tristan Jarry enters game.
15:58 of 2nd period - Patrice Bergeron wins face-off versus Evan Rodrigues in neutral zone.
16:01 of 2nd period - Wrist shot by Nathan MacKinnon.
16:01 of 2nd period - Shot Misses the Net.
16:03 of 2nd period - Slapshot by Cam Fowler.
16:03 of 2nd period - Shot Misses the Net.
16:05 of 2nd period - Slapshot by Cam Fowler.
16:05 of 2nd period - Shot Misses the Net.
16:25 of 2nd period - Cam Fowler is hit by Ben Chiarot and loses puck.
16:45 of 2nd period - Off-side.
16:46 of 2nd period - David Kampf wins face-off versus Blake Lizotte in neutral zone.
16:55 of 2nd period - Wrist shot by Cole Caufield.
16:55 of 2nd period - Shot Misses the Net.
17:11 of 2nd period - Patrice Bergeron is hit by Ben Chiarot.
17:17 of 2nd period - Slapshot by Matt Boldy.
17:17 of 2nd period - Shot Blocked by Dmitry Kulikov.
17:57 of 2nd period - Cole Caufield is hit by Oliver Ekman-Larsson and loses puck.
19:02 of 2nd period - Backhand shot by Blake Wheeler.
19:02 of 2nd period - Shot Blocked by Justin Faulk.
19:04 of 2nd period - Slapshot by Jake McCabe.
19:04 of 2nd period - Deflect By Blake Wheeler.
19:04 of 2nd period - Stopped by Mackenzie Blackwood without a rebound.
19:05 of 2nd period - Mikael Granlund wins face-off versus Evan Rodrigues in Philadelphia Flyers zone.
19:12 of 2nd period - Slapshot by Blake Wheeler.
19:12 of 2nd period - Shot Misses the Net.
19:14 of 2nd period - Wrist shot by Blake Wheeler.
19:14 of 2nd period - Shot Misses the Net.
19:16 of 2nd period - Slapshot by Andre Burakovsky.
19:16 of 2nd period - Goal by Andre Burakovsky - Philadelphia Flyers : 4 - New York Rangers : 2.
19:17 of 2nd period - Patrice Bergeron wins face-off versus Evan Rodrigues in neutral zone.
19:26 of 2nd period - Snap shot by Carter Verhaeghe.
19:26 of 2nd period - Stopped by Tristan Jarry without a rebound.
19:27 of 2nd period - Nathan MacKinnon wins face-off versus Evan Rodrigues in New York Rangers zone.
19:32 of 2nd period - Snap shot by Patrice Bergeron.
19:32 of 2nd period - Shot Misses the Net.
19:40 of 2nd period - Slapshot by Carter Verhaeghe.
19:40 of 2nd period - Stopped by Tristan Jarry without a rebound.
19:41 of 2nd period - Patrice Bergeron wins face-off versus Alexander Barabanov in New York Rangers zone.
19:41 of 2nd period - Patrice Bergeron is hit by Tyler Bertuzzi.
Goals for this period are 1 for Philadelphia Flyers vs 2 for New York Rangers.
Shots for this period are 6 for Philadelphia Flyers vs 10 for New York Rangers.
3rd period
0:01 of 3rd period - Evan Rodrigues wins face-off versus Patrice Bergeron in neutral zone.
0:12 of 3rd period - Snap shot by Carter Verhaeghe.
0:12 of 3rd period - Deflect By Evan Rodrigues.
0:12 of 3rd period - Goal by Evan Rodrigues - Philadelphia Flyers : 5 - New York Rangers : 2.
0:13 of 3rd period - Evan Rodrigues wins face-off versus Patrice Bergeron in neutral zone.
0:16 of 3rd period - Mark Giordano is hit by Evan Rodrigues and loses puck.
0:22 of 3rd period - Off-side.
0:23 of 3rd period - Patrice Bergeron wins face-off versus Evan Rodrigues in neutral zone.
0:26 of 3rd period - Matt Boldy is hit by Pierre-Luc Dubois and loses puck.
0:47 of 3rd period - Off-side.
0:48 of 3rd period - Elias Lindholm wins face-off versus Blake Wheeler in neutral zone.
1:11 of 3rd period - Minor Penalty to Blake Wheeler for Diving.
1:12 of 3rd period - Elias Lindholm wins face-off versus David Kampf in New York Rangers zone.
1:13 of 3rd period - Snap shot by Tyler Bertuzzi.
1:13 of 3rd period - Shot Blocked by Cam Fowler.
1:15 of 3rd period - Slapshot by Elias Lindholm.
1:15 of 3rd period - Stopped by Tristan Jarry with a rebound.
3:11 of 3rd period - Penalty to Blake Wheeler is over, Blake Wheeler is back on ice.
3:23 of 3rd period - Evgenii Dadonov is hit by Andre Burakovsky and loses puck.
3:35 of 3rd period - Andre Burakovsky is hit by Alexander Edler.
3:45 of 3rd period - Alexander Edler is hit by Adam Larsson and loses puck.
5:02 of 3rd period - Slapshot by Nathan MacKinnon.
5:02 of 3rd period - Goal by Nathan MacKinnon - Philadelphia Flyers : 5 - New York Rangers : 3.
5:03 of 3rd period - Patrice Bergeron wins face-off versus Evan Rodrigues in neutral zone.
5:10 of 3rd period - Wrist shot by Matt Boldy.
5:10 of 3rd period - Stopped by Tristan Jarry without a rebound.
5:11 of 3rd period - Patrice Bergeron wins face-off versus Carter Verhaeghe in New York Rangers zone.
5:44 of 3rd period - Snap shot by Tyler Bertuzzi.
5:44 of 3rd period - Stopped by Tristan Jarry without a rebound.
5:45 of 3rd period - Mikael Granlund wins face-off versus Evan Rodrigues in New York Rangers zone.
5:58 of 3rd period - Evan Rodrigues is hit by Cam Fowler.
6:07 of 3rd period - Minor Penalty to Blake Wheeler for Cross-checking.
6:08 of 3rd period - Elias Lindholm wins face-off versus David Kampf in New York Rangers zone.
6:14 of 3rd period - Snap shot by Carter Verhaeghe.
6:14 of 3rd period - Shot Misses the Net.
6:16 of 3rd period - Slapshot by Oliver Ekman-Larsson.
6:16 of 3rd period - Deflect By Carter Verhaeghe.
6:16 of 3rd period - Stopped by Tristan Jarry without a rebound.
6:17 of 3rd period - David Kampf wins face-off versus Carter Verhaeghe in New York Rangers zone.
6:31 of 3rd period - Icing by Elias Lindholm.
6:32 of 3rd period - Elias Lindholm wins face-off versus David Kampf in Philadelphia Flyers zone.
6:49 of 3rd period - Snap shot by Tyler Bertuzzi.
6:49 of 3rd period - Stopped by Tristan Jarry without a rebound.
6:50 of 3rd period - Blake Lizotte wins face-off versus David Kampf in New York Rangers zone.
6:53 of 3rd period - Snap shot by Evan Rodrigues.
6:53 of 3rd period - Stopped by Tristan Jarry with a rebound.
6:55 of 3rd period - Snap shot by Matt Boldy.
6:55 of 3rd period - Goal by Matt Boldy - Philadelphia Flyers : 6 - New York Rangers : 3.
6:56 of 3rd period - Elias Lindholm wins face-off versus Patrice Bergeron in neutral zone.
7:24 of 3rd period - Icing by Alexander Barabanov.
7:25 of 3rd period - Mikael Granlund wins face-off versus Evan Rodrigues in Philadelphia Flyers zone.
7:26 of 3rd period - Snap shot by Blake Wheeler.
7:26 of 3rd period - Deflect By Oliver Ekman-Larsson.
7:26 of 3rd period - Shot Misses the Net.
7:26 of 3rd period - Puck is out of play.
7:27 of 3rd period - Mikael Granlund wins face-off versus Evan Rodrigues in Philadelphia Flyers zone.
7:35 of 3rd period - Snap shot by Mikael Granlund.
7:35 of 3rd period - Shot Misses the Net.
7:39 of 3rd period - Slapshot by Blake Wheeler.
7:39 of 3rd period - Shot Misses the Net.
7:41 of 3rd period - Snap shot by Blake Wheeler.
7:41 of 3rd period - Stopped by Mackenzie Blackwood with a rebound.
8:05 of 3rd period - Slapshot by Tyler Bertuzzi.
8:05 of 3rd period - Shot Misses the Net.
8:39 of 3rd period - Snap shot by Conor Garland.
8:39 of 3rd period - Stopped by Mackenzie Blackwood with a rebound.
9:14 of 3rd period - Minor Penalty to Blake Wheeler for Tripping.
9:15 of 3rd period - Elias Lindholm wins face-off versus David Kampf in New York Rangers zone.
9:21 of 3rd period - Snap shot by Tyler Motte.
9:21 of 3rd period - Stopped by Mackenzie Blackwood with a rebound.
9:23 of 3rd period - Wrist shot by David Kampf.
9:23 of 3rd period - Goal by David Kampf - Philadelphia Flyers : 6 - New York Rangers : 4.
9:24 of 3rd period - Elias Lindholm wins face-off versus David Kampf in neutral zone.
10:32 of 3rd period - Snap shot by Carter Verhaeghe.
10:32 of 3rd period - Shot Misses the Net.
10:34 of 3rd period - Wrist shot by Tyler Bertuzzi.
10:34 of 3rd period - Shot Misses the Net.
10:50 of 3rd period - Cam Fowler is hit by Elias Lindholm and loses puck.
11:02 of 3rd period - Icing by Blake Lizotte.
11:03 of 3rd period - Blake Lizotte wins face-off versus Patrice Bergeron in Philadelphia Flyers zone.
11:10 of 3rd period - Patrice Bergeron is hit by Matt Roy and loses puck.
11:14 of 3rd period - Penalty to Blake Wheeler is over, Blake Wheeler is back on ice.
11:23 of 3rd period - Riley Sheahan is hit by Mikael Granlund and loses puck.
11:30 of 3rd period - Andre Burakovsky is hit by Calvin de Haan and loses puck.
11:41 of 3rd period - Slapshot by Cam Fowler.
11:41 of 3rd period - Deflect By Elias Lindholm.
11:41 of 3rd period - Stopped by Mackenzie Blackwood with a rebound.
12:15 of 3rd period - Matt Roy is hit by Mark Giordano and loses puck.
12:36 of 3rd period - T.J. Oshie is hit by Matt Roy and loses puck.
12:54 of 3rd period - Wrist shot by Marcus Johansson.
12:54 of 3rd period - Stopped by Tristan Jarry with a rebound.
13:00 of 3rd period - Evgenii Dadonov is hit by Patrice Bergeron and loses puck.
13:17 of 3rd period - Snap shot by Tomas Tatar.
13:17 of 3rd period - Stopped by Tristan Jarry without a rebound.
13:18 of 3rd period - Evan Rodrigues wins face-off versus Mikael Granlund in New York Rangers zone.
13:31 of 3rd period - Slapshot by Carter Verhaeghe.
13:31 of 3rd period - Stopped by Tristan Jarry without a rebound.
13:32 of 3rd period - Elias Lindholm wins face-off versus Pierre-Luc Dubois in New York Rangers zone.
13:33 of 3rd period - Snap shot by Alexander Barabanov.
13:33 of 3rd period - Shot Blocked by Cam Fowler.
14:05 of 3rd period - Slapshot by Andre Burakovsky.
14:05 of 3rd period - Deflect By Blake Wheeler.
14:05 of 3rd period - Shot Blocked by Matt Boldy.
14:05 of 3rd period - Puck is out of play.
14:06 of 3rd period - Evan Rodrigues wins face-off versus Patrice Bergeron in Philadelphia Flyers zone.
14:40 of 3rd period - Slapshot by Cam Fowler.
14:40 of 3rd period - Stopped by Mackenzie Blackwood without a rebound.
14:41 of 3rd period - Mikael Granlund wins face-off versus Elias Lindholm in Philadelphia Flyers zone.
14:44 of 3rd period - Snap shot by Mikael Granlund.
14:44 of 3rd period - Goal by Mikael Granlund - Philadelphia Flyers : 6 - New York Rangers : 5.
14:45 of 3rd period - Patrice Bergeron wins face-off versus Evan Rodrigues in neutral zone.
14:49 of 3rd period - Minor Penalty to Ben Chiarot for High sticking.
14:50 of 3rd period - Patrice Bergeron wins face-off versus Riley Sheahan in Philadelphia Flyers zone.
14:58 of 3rd period - Snap shot by Nathan MacKinnon.
14:58 of 3rd period - Goal by Nathan MacKinnon - Philadelphia Flyers : 6 - New York Rangers : 6.
14:59 of 3rd period - Evan Rodrigues wins face-off versus Patrice Bergeron in neutral zone.
15:10 of 3rd period - Slapshot by Cam Fowler.
15:10 of 3rd period - Deflect By Patrice Bergeron.
15:10 of 3rd period - Stopped by Mackenzie Blackwood without a rebound.
15:11 of 3rd period - Blake Lizotte wins face-off versus David Kampf in Philadelphia Flyers zone.
15:45 of 3rd period - Slapshot by Patrice Bergeron.
15:45 of 3rd period - Stopped by Mackenzie Blackwood with a rebound.
15:47 of 3rd period - Slapshot by Nathan MacKinnon.
15:47 of 3rd period - Goal by Nathan MacKinnon - Philadelphia Flyers : 6 - New York Rangers : 7.
15:48 of 3rd period - David Kampf wins face-off versus Blake Lizotte in neutral zone.
15:54 of 3rd period - Off-side.
15:55 of 3rd period - David Kampf wins face-off versus Blake Lizotte in neutral zone.
15:58 of 3rd period - Slapshot by Cam Fowler.
15:58 of 3rd period - Stopped by Mackenzie Blackwood with a rebound.
16:45 of 3rd period - Icing by T.J. Oshie.
16:46 of 3rd period - Blake Lizotte wins face-off versus T.J. Oshie in New York Rangers zone.
16:47 of 3rd period - Wrist shot by Tomas Tatar.
16:47 of 3rd period - Stopped by Tristan Jarry without a rebound.
16:48 of 3rd period - T.J. Oshie wins face-off versus Blake Lizotte in New York Rangers zone.
16:53 of 3rd period - Snap shot by Tyler Johnson.
16:53 of 3rd period - Shot Misses the Net.
17:17 of 3rd period - Snap shot by Marcus Johansson.
17:17 of 3rd period - Shot Misses the Net.
17:19 of 3rd period - Slapshot by Marcus Johansson.
17:19 of 3rd period - Goal by Marcus Johansson - Philadelphia Flyers : 7 - New York Rangers : 7.
17:20 of 3rd period - David Kampf wins face-off versus Blake Lizotte in neutral zone.
17:23 of 3rd period - Snap shot by Conor Garland.
17:23 of 3rd period - Stopped by Mackenzie Blackwood without a rebound.
17:24 of 3rd period - Blake Lizotte wins face-off versus David Kampf in Philadelphia Flyers zone.
17:29 of 3rd period - Wrist shot by Conor Garland.
17:29 of 3rd period - Deflect By Cole Caufield.
17:29 of 3rd period - Shot Misses the Net.
17:29 of 3rd period - Puck is out of play.
17:30 of 3rd period - Blake Lizotte wins face-off versus David Kampf in Philadelphia Flyers zone.
17:47 of 3rd period - Wrist shot by Conor Garland.
17:47 of 3rd period - Stopped by Mackenzie Blackwood with a rebound.
17:49 of 3rd period - Slapshot by Cole Caufield.
17:49 of 3rd period - Shot Blocked by Oliver Ekman-Larsson.
17:51 of 3rd period - Slapshot by Jake McCabe.
17:51 of 3rd period - Stopped by Mackenzie Blackwood without a rebound.
17:52 of 3rd period - Riley Sheahan wins face-off versus Patrice Bergeron in Philadelphia Flyers zone.
17:57 of 3rd period - Wrist shot by Nathan MacKinnon.
17:57 of 3rd period - Stopped by Mackenzie Blackwood with a rebound.
18:21 of 3rd period - Slapshot by Conor Garland.
18:21 of 3rd period - Shot Misses the Net.
18:25 of 3rd period - Snap shot by Conor Garland.
18:25 of 3rd period - Deflect By Cole Caufield.
18:25 of 3rd period - New York Rangers goal is going for a video replay.
18:25 of 3rd period - The goal is refused. The goalkeeper has been pushed into the net together with the puck after making a save..
18:26 of 3rd period - Blake Lizotte wins face-off versus Conor Garland in Philadelphia Flyers zone.
18:39 of 3rd period - Snap shot by Cole Caufield.
18:39 of 3rd period - Shot Misses the Net.
18:51 of 3rd period - Marcus Johansson is hit by Pierre-Luc Dubois and loses puck.
19:00 of 3rd period - Jake McCabe is hit by Justin Faulk and loses puck.
19:31 of 3rd period - Slapshot by Elias Lindholm.
19:31 of 3rd period - Stopped by Tristan Jarry without a rebound.
19:32 of 3rd period - Mikael Granlund wins face-off versus Alexander Barabanov in New York Rangers zone.
Goals for this period are 3 for Philadelphia Flyers vs 5 for New York Rangers.
Shots for this period are 14 for Philadelphia Flyers vs 18 for New York Rangers.
Overtime #1
0:01 of 1st overtime period - Elias Lindholm wins face-off versus Nathan MacKinnon in neutral zone.
0:03 of 1st overtime period - Minor Penalty to Tyler Bertuzzi for Holding.
0:04 of 1st overtime period - Nathan MacKinnon wins face-off versus Riley Sheahan in Philadelphia Flyers zone.
2:03 of 1st overtime period - Penalty to Tyler Bertuzzi is over, Tyler Bertuzzi is back on ice.
2:19 of 1st overtime period - Snap shot by Carter Verhaeghe.
2:19 of 1st overtime period - Deflect By Evan Rodrigues.
2:19 of 1st overtime period - Shot Blocked by Pierre-Luc Dubois.
2:19 of 1st overtime period - Puck is out of play.
2:20 of 1st overtime period - Nathan MacKinnon wins face-off versus Evan Rodrigues in New York Rangers zone.
2:51 of 1st overtime period - Icing by Carter Verhaeghe.
2:52 of 1st overtime period - Evan Rodrigues wins face-off versus Blake Wheeler in Philadelphia Flyers zone.
3:13 of 1st overtime period - Oliver Ekman-Larsson is hit by Pierre-Luc Dubois and loses puck.
3:24 of 1st overtime period - Blake Wheeler is hit by Carter Verhaeghe and loses puck.
3:33 of 1st overtime period - Justin Faulk is hit by Mark Giordano and loses puck.
3:40 of 1st overtime period - Slapshot by Pierre-Luc Dubois.
3:40 of 1st overtime period - Stopped by Mackenzie Blackwood without a rebound.
3:41 of 1st overtime period - Nathan MacKinnon wins face-off versus Elias Lindholm in Philadelphia Flyers zone.
3:57 of 1st overtime period - Adam Larsson is hit by Tyler Bertuzzi and loses puck.
4:33 of 1st overtime period - Wrist shot by Mikael Granlund.
4:33 of 1st overtime period - Stopped by Mackenzie Blackwood with a rebound.
Goals for this period are 0 for Philadelphia Flyers vs 0 for New York Rangers.
Shots for this period are 0 for Philadelphia Flyers vs 2 for New York Rangers.
ShootOut
5:00 of 1st overtime period - Round #1.
5:00 of 1st overtime period - Philadelphia Flyers, Elias Lindholm.
5:00 of 1st overtime period - Deke by Elias Lindholm.
5:00 of 1st overtime period - Stopped by Tristan Jarry.
5:00 of 1st overtime period - New York Rangers, T.J. Oshie.
5:00 of 1st overtime period - Deke by T.J. Oshie.
5:00 of 1st overtime period - Goal by T.J. Oshie.
5:00 of 1st overtime period - Round #2.
5:00 of 1st overtime period - Philadelphia Flyers, Tyler Bertuzzi.
5:00 of 1st overtime period - Snap shot by Tyler Bertuzzi.
5:00 of 1st overtime period - Stopped by Tristan Jarry.
5:00 of 1st overtime period - New York Rangers, Mikael Granlund.
5:00 of 1st overtime period - Deke by Mikael Granlund.
5:00 of 1st overtime period - Stopped by Mackenzie Blackwood.
5:00 of 1st overtime period - Round #3.
5:00 of 1st overtime period - Philadelphia Flyers, Matt Boldy.
5:00 of 1st overtime period - Wrist shot by Matt Boldy.
5:00 of 1st overtime period - Stopped by Tristan Jarry.
Back to the Top